[Event "Titled Tuesday Blitz February 07 Late 2023"]
[White "Carlsen, Magnus"]
[Black "Sztokbant, Bernardo Vainzoff"]
[WhiteFideId "1503014"]
[BlackFideId "2115956"]
[WhiteElo "2853"]
[BlackElo "2213"]
[Result "1/2-1/2"]
[Round "01"]
[TimeControl "180+2"]
[Date "2023.02.07"]
[WhiteClock "0:00:02"]
[BlackClock "0:00:02"]

1. d4 d5 2. Bf4 Nf6 3. e3 Bf5 4. c4 c6 5. Nc3 e6 6. Qb3 Qb6 7. c5 Qxb3 8. axb3 Nbd7 9. b4 Nh5 10. b5 Nxf4 11. exf4 Be7 12. Nf3 O-O 13. b4 f6 14. bxc6 bxc6 15. b5 cxb5 16. Bxb5 Rfd8 17. Nh4 Bg4 18. h3 Bh5 19. f5 Bf7 20. fxe6 Bxe6 21. Ra6 Kf7 22. Kd2 f5 23. Rxe6 Kxe6 24. Re1+ Kf7 25. Nxf5 Bg5+ 26. Kd3 Nf6 27. g3 g6 28. Nd6+ Rxd6 29. cxd6 Rd8 30. f4 Bh6 31. Re7+ Kf8 32. Rxa7 Rxd6 33. Ba4 Nh5 34. Ne2 Re6 35. Bb3 Nf6 36. Nc3 Re1 37. Nxd5 Nxd5 38. Bxd5 Rg1 39. g4 Rg3+ 40. Ke4 Rxh3 41. g5 Bg7 42. Rf7+ Kg8 43. Be6 Rh1 44. Ra7+ Kf8 45. d5 Re1+ 46. Kf3 Rf1+ 47. Ke3 Rd1 48. Rf7+ Kg8 49. Rd7+ Kf8 50. d6 Re1+ 51. Kf3 Rxe6 52. Rd8+ Kf7 53. Rd7+ Kf8 54. Rd8+ Re8 55. Rd7 Re6 1/2-1/2


[Site "https://www.chess.com"]

[Event "Titled Tuesday Blitz February 07 Late 2023"]
[White "Toncheva, Nadya"]
[Black "So, Wesley"]
[WhiteFideId "2924056"]
[BlackFideId "5202213"]
[WhiteElo "2295"]
[BlackElo "2760"]
[Result "0-1"]
[Round "01"]
[TimeControl "180+2"]
[Date "2023.02.07"]
[WhiteClock "0:00:03"]
[BlackClock "0:00:01"]

1. d4 Nf6 2. c4 c6 3. Nc3 d5 4. e3 e6 5. Nf3 Nbd7 6. Bd3 dxc4 7. Bxc4 b5 8. Bd3 a6 9. a4 Bb7 10. O-O b4 11. Ne4 c5 12. Nxf6+ Nxf6 13. Qe2 cxd4 14. Nxd4 Bd6 15. b3 O-O 16. Bb2 g6 17. Nf3 Nd5 18. Rac1 Qe7 19. Rfd1 a5 20. Bb5 Rfc8 21. Qd2 Rxc1 22. Rxc1 Rd8 23. Qe2 e5 24. Bc6 Bxc6 25. Rxc6 e4 26. Nd2 Nc3 27. Bxc3 bxc3 28. Nf1 Bb4 29. Rc4 f5 30. Rc6 Qd7 31. Qc4+ Qd5 32. Qa6 Kg7 33. Qb7+ Rd7 34. Qc8 Rf7 35. h3 Qxb3 36. Ng3 Qd1+ 37. Kh2 Qd7 38. Qa8 Qb7 39. Qe8 Re7 40. Qc8 Qxc8 41. Rxc8 h5 42. Ne2 Rd7 43. Nxc3 Rd2 44. Kg3 Bd6+ 45. f4 h4+ 46. Kxh4 Rxg2 47. Nd5 Rd2 48. Nb6 Re2 49. Nd5 Rd2 50. Nb6 Bb4 51. Rc7+ Kh6 52. Kg3 Re2 53. Nc4 Be1# 0-1


[Site "https://www.chess.com"]

[Event "Titled Tuesday Blitz February 07 Late 2023"]
[White "Naroditsky, Daniel"]
[Black "Krallis, Christos"]
[WhiteFideId "2026961"]
[BlackFideId "4298896"]
[WhiteElo "2618"]
[BlackElo "2344"]
[Result "1-0"]
[Round "01"]
[TimeControl "180+2"]
[Date "2023.02.07"]
[WhiteClock "0:00:17"]
[BlackClock "0:00:05"]

1. e4 e5 2. Nf3 Nc6 3. Bb5 a6 4. Ba4 Nf6 5. O-O Be7 6. Re1 b5 7. Bb3 O-O 8. d4 d6 9. c3 Bg4 10. Be3 exd4 11. cxd4 Na5 12. Bc2 c5 13. Nbd2 cxd4 14. Bxd4 Nc6 15. Be3 d5 16. h3 Bh5 17. exd5 Nxd5 18. Be4 f5 19. Bxd5+ Qxd5 20. Qb3 Rad8 21. Bb6 Qxb3 22. Nxb3 Rd7 23. Rac1 Bxf3 24. gxf3 Nb4 25. Rxe7 Rxe7 26. Bc5 Nd3 27. Bxe7 Nxc1 28. Nxc1 Re8 29. Bb4 Kf7 30. Nd3 Ra8 31. Bc3 a5 32. a3 g6 33. Kf1 Ke6 34. Ke2 Kd5 35. Kd2 Kc4 36. Kc2 Kd5 37. h4 Kc4 38. Ne5+ Kd5 39. Nd7 Ra6 40. Nf6+ Kc4 41. b3+ Kc5 42. Nxh7 b4 43. axb4+ axb4 44. Bb2 Re6 45. Kd2 Rd6+ 46. Kc2 Re6 47. Bc1 Re2+ 48. Kd3 Re1 49. Bd2 Rb1 50. Kc2 Rf1 51. Be3+ Kd5 52. Nf8 f4 53. Bxf4 Rxf2+ 54. Bd2 Rxf3 55. Nxg6 Rf6 56. h5 Rb6 57. Kd3 Rb7 58. h6 Rd7 59. Bxb4 Kc6+ 60. Ke4 Rh7 61. Bf8 Rb7 62. b4 Kd7 63. h7 1-0


[Site "https://www.chess.com"]

[Event "Titled Tuesday Blitz February 07 Late 2023"]
[White "Prem, Pranav"]
[Black "Dubov, Daniil"]
[WhiteFideId "30901057"]
[BlackFideId "24126055"]
[WhiteElo "2061"]
[BlackElo "2708"]
[Result "0-1"]
[Round "01"]
[TimeControl "180+2"]
[Date "2023.02.07"]
[WhiteClock "0:00:12"]
[BlackClock "0:00:37"]

1. d4 Nf6 2. c4 d6 3. Nc3 g6 4. e4 Bg7 5. Nf3 O-O 6. Be2 Nc6 7. O-O Re8 8. d5 Nb4 9. a3 Na6 10. Qc2 e6 11. Bg5 h6 12. Be3 Ng4 13. Bd2 Nc5 14. b4 Nd7 15. Rad1 a5 16. Rfe1 Nde5 17. Nxe5 Nxe5 18. f4 Nd7 19. Bf3 axb4 20. axb4 Nb6 21. Qd3 Ra3 22. Ra1 Rxa1 23. Rxa1 exd5 24. cxd5 f5 25. Re1 Bd7 26. Nb5 Kh7 27. Nd4 Qh4 28. g3 Qf6 29. Bc3 Na4 30. Ba1 Qf7 31. exf5 Rxe1+ 0-1


[Site "https://www.chess.com"]

[Event "Titled Tuesday Blitz February 07 Late 2023"]
[White "Andreikin, Dmitry"]
[Black "Krishnan, Varun"]
[WhiteFideId "4158814"]
[BlackFideId "5054508"]
[WhiteElo "2729"]
[BlackElo "2341"]
[Result "1-0"]
[Round "01"]
[TimeControl "180+2"]
[Date "2023.02.07"]
[WhiteClock "0:01:25"]
[BlackClock "0:00:05"]

1. Nf3 d5 2. e3 Nf6 3. c4 e6 4. Nc3 c6 5. a3 Nbd7 6. b4 Bd6 7. Bb2 O-O 8. Qc2 a6 9. Be2 e5 10. d4 e4 11. Nd2 b5 12. c5 Bc7 13. g4 a5 14. g5 Ne8 15. h4 axb4 16. axb4 Rxa1+ 17. Bxa1 f6 18. g6 hxg6 19. h5 g5 20. Ndxe4 dxe4 21. Qxe4 f5 22. Qxc6 Ndf6 23. h6 gxh6 24. Rxh6 Kg7 25. Qh1 Bb7 26. d5 Be5 27. c6 Ba6 28. f4 gxf4 29. exf4 Bd4 30. Qh4 Rg8 31. Rh7+ Nxh7 32. Qxd8 Nhf6 33. d6 Rh8 34. d7 Be3 35. Qe7+ Kg6 36. Qxe3 1-0


[Site "https://www.chess.com"]

[Event "Titled Tuesday Blitz February 07 Late 2023"]
[White "Brilej, Jaka"]
[Black "Duda, Jan-Krzysztof"]
[WhiteFideId "14618818"]
[BlackFideId "1170546"]
[WhiteElo "2321"]
[BlackElo "2724"]
[Result "0-1"]
[Round "01"]
[TimeControl "180+2"]
[Date "2023.02.07"]
[WhiteClock "0:00:46"]
[BlackClock "0:01:37"]

1. e4 e6 2. d4 d5 3. Bd3 dxe4 4. Bxe4 Nf6 5. Bf3 c5 6. Ne2 Nc6 7. Be3 cxd4 8. Nxd4 Ne5 9. Nc3 Be7 10. O-O O-O 11. Be2 a6 12. f4 Ned7 13. Bf3 Qc7 14. g3 Rd8 15. Qe2 Bb4 16. Nd1 Nb6 17. c3 Bf8 18. Bf2 Bd7 19. Ne3 Rac8 20. Rad1 Na4 21. Ng4 Nxg4 22. Bxg4 b5 23. Bf3 Qb8 24. Nb3 Be8 25. Na5 Qc7 26. Nb3 Bc6 27. Bxc6 Qxc6 28. Nd4 Qc4 29. b3 Qxe2 30. Nxe2 Rxd1 31. Rxd1 Nxc3 32. Nxc3 Rxc3 33. Rd8 f6 34. Ra8 Rc6 35. Ra7 h5 36. Kg2 Kh7 37. Ra8 Bb4 38. Kf3 Rc3+ 39. Ke4 Rc2 40. Be3 Rxa2 41. h3 a5 42. g4 hxg4 43. hxg4 a4 44. bxa4 Rxa4 45. Kf3 Rxa8 0-1


[Site "https://www.chess.com"]

[Event "Titled Tuesday Blitz February 07 Late 2023"]
[White "Sanal, Vahap"]
[Black "Sonnenschein, Philipp"]
[WhiteFideId "6300545"]
[BlackFideId "16250877"]
[WhiteElo "2600"]
[BlackElo "2224"]
[Result "1-0"]
[Round "01"]
[TimeControl "180+2"]
[Date "2023.02.07"]
[WhiteClock "0:00:15"]
[BlackClock "0:00:05"]

1. Nf3 d5 2. b3 c5 3. Bb2 Nc6 4. e3 Nf6 5. Bb5 g6 6. Ne5 Bd7 7. Nxd7 Qxd7 8. O-O Bg7 9. Be2 O-O 10. d3 e5 11. Nd2 Rfe8 12. a3 Rad8 13. Re1 e4 14. Bf1 Qf5 15. h3 Ne5 16. dxe4 dxe4 17. Qe2 Qg5 18. Kh1 Rd7 19. Rad1 Red8 20. Nb1 Qf5 21. Rxd7 Rxd7 22. Nc3 a6 23. Rd1 Rxd1 24. Nxd1 Nd5 25. Qd2 Nc6 26. c4 Nde7 27. Bxg7 Kxg7 28. Nc3 h5 29. Qc2 Qe5 30. Nxe4 Qa1 31. Qc3+ Qxc3 32. Nxc3 Na5 33. b4 cxb4 34. axb4 Nac6 35. b5 axb5 36. cxb5 Ne5 37. f4 Nd7 38. g3 Nf5 39. Bg2 b6 40. Bc6 Nf6 41. Na4 Nxg3+ 42. Kh2 Nf5 43. e4 Nd4 44. Nxb6 Kf8 45. e5 Ng8 46. Nd5 Ne7 47. Nb4 Nc8 48. Kg3 Ke7 49. Kf2 Ke6 50. Ke3 Nf5+ 51. Ke4 Nfe7 52. Bd5+ Nxd5 53. Nxd5 Kd7 54. Nf6+ Ke6 55. Nh7 Nb6 56. Ng5+ Ke7 57. Kd4 Kd7 58. Nxf7 1-0


[Site "https://www.chess.com"]

[Event "Titled Tuesday Blitz February 07 Late 2023"]
[White "Hnydiuk, Aleksander"]
[Black "Vachier-Lagrave, Maxime"]
[WhiteFideId "1109057"]
[BlackFideId "623539"]
[WhiteElo "2363"]
[BlackElo "2742"]
[Result "0-1"]
[Round "01"]
[TimeControl "180+2"]
[Date "2023.02.07"]
[WhiteClock "0:00:04"]
[BlackClock "0:00:16"]

1. Nf3 Nf6 2. c4 e6 3. g3 d5 4. d4 Be7 5. Bg2 O-O 6. O-O c6 7. Qc2 a5 8. Nbd2 Na6 9. e4 b5 10. c5 Nb4 11. Qb1 dxe4 12. Nxe4 Bb7 13. Bg5 Nbd5 14. Ne5 Qc7 15. h4 Rad8 16. Rd1 b4 17. Qc2 h6 18. Nxf6+ gxf6 19. Bxh6 fxe5 20. Qe2 f5 21. Bxf8 Bxf8 22. Qxe5 Qxe5 23. dxe5 Bxc5 24. Rac1 Bb6 25. Rd2 Kf7 26. Kh2 f4 27. g4 Bc7 28. Re1 c5 29. Bf3 c4 30. Kh3 Bb6 31. Rc1 Rc8 32. Rdc2 Ba6 33. g5 c3 34. bxc3 Nxc3 35. Kg4 Bd3 36. Rd2 Bf5+ 37. Kxf4 Ne2+ 38. Bxe2 Rxc1 39. Rd7+ Ke8 40. Rd6 Bxf2 41. Bd3 Bxd3 42. Rxd3 Rc4+ 43. Kf3 Bxh4 44. Rd6 Kf7 45. g6+ Kxg6 46. Rxe6+ Kf5 47. Ra6 Rc3+ 48. Ke2 Ra3 0-1


[Site "https://www.chess.com"]

[Event "Titled Tuesday Blitz February 07 Late 2023"]
[White "Deac, Bogdan-Daniel"]
[Black "Ozdemir, Serhan Berat"]
[WhiteFideId "1226380"]
[BlackFideId "6374611"]
[WhiteElo "2700"]
[BlackElo "2223"]
[Result "1-0"]
[Round "01"]
[TimeControl "180+2"]
[Date "2023.02.07"]
[WhiteClock "0:00:34"]
[BlackClock "0:00:01"]

1. b3 e5 2. Bb2 Nc6 3. Nf3 e4 4. Nd4 Nxd4 5. Bxd4 Nf6 6. c4 d5 7. e3 c5 8. Bxf6 Qxf6 9. Nc3 dxc4 10. Bxc4 Qg6 11. Bb5+ Bd7 12. Bxd7+ Kxd7 13. Qe2 Re8 14. O-O-O Kc8 15. d3 exd3 16. Rxd3 Be7 17. Rhd1 Qc6 18. Qg4+ Kb8 19. Rd7 Bf6 20. Nd5 a6 21. Rc7 Qd6 22. Qd7 Qxd7 23. Rxd7 Be5 24. Rxf7 Rc8 25. Nb6 Rc6 26. Nd7+ 1-0


[Site "https://www.chess.com"]

[Event "Titled Tuesday Blitz February 07 Late 2023"]
[White "TheKnightOfBosnia"]
[Black "Fedoseev, Vladimir"]
[BlackFideId "24130737"]
[WhiteElo "2526"]
[BlackElo "2680"]
[Result "0-1"]
[Round "01"]
[TimeControl "180+2"]
[Date "2023.02.07"]
[WhiteClock "0:00:02"]
[BlackClock "0:00:50"]

1. e4 c5 2. Nf3 e6 3. d4 cxd4 4. Nxd4 Nc6 5. Nc3 a6 6. Bf4 d6 7. Bg3 Bd7 8. Nxc6 Bxc6 9. e5 Qb6 10. exd6 Qxb2 11. Be5 Bxd6 12. Qxd6 Qxa1+ 13. Nd1 Qb1 14. Bxg7 Ne7 15. Bf6 Nf5 16. Qc5 Rg8 17. Bd3 Rg6 18. Bb2 O-O-O 19. Qa3 Rxg2 20. Rf1 Rg4 21. Kd2 Ra4 22. Qc5 Nd6 23. Ke2 Rxa2 24. Be5 Nb5 25. Ne3 Qb3 26. Kd2 Qxd3+ 0-1


[Site "https://www.chess.com"]

[Event "Titled Tuesday Blitz February 07 Late 2023"]
[White "Salem, A.R. Saleh"]
[Black "Rangel, Daniel"]
[WhiteFideId "9301348"]
[BlackFideId "2124475"]
[WhiteElo "2677"]
[BlackElo "2207"]
[Result "1-0"]
[Round "01"]
[TimeControl "180+2"]
[Date "2023.02.07"]
[WhiteClock "0:00:42"]
[BlackClock "0:00:05"]

1. e4 c5 2. Nf3 g6 3. Bc4 Bg7 4. O-O Nc6 5. Re1 d6 6. c3 Nf6 7. h3 O-O 8. a4 Nxe4 9. Bxf7+ Rxf7 10. Rxe4 d5 11. Re1 e5 12. d3 h6 13. Nbd2 Bf5 14. Nf1 Qd7 15. Ng3 Raf8 16. Nh4 Bxh3 17. Rf1 Bg4 18. f3 Bf5 19. Qe2 Kh7 20. Bd2 Be6 21. Kf2 g5 22. Rh1 gxh4 23. Rxh4 Ne7 24. Bxh6 Bxh6 25. Rxh6+ Kxh6 26. Rh1+ Kg7 27. Qxe5+ Rf6 28. Nh5+ Kg6 29. Nxf6 Rxf6 30. Qh5+ Kg7 31. Qh8+ Kf7 32. Rh7+ Kg6 33. Rh6+ Kf7 34. Rxf6# 1-0


[Site "https://www.chess.com"]

[Event "Titled Tuesday Blitz February 07 Late 2023"]
[White "Riff, Vincent"]
[Black "Martinez Alcantara, Jose Eduardo"]
[WhiteFideId "617776"]
[BlackFideId "3805662"]
[WhiteElo "2383"]
[BlackElo "2619"]
[Result "0-1"]
[Round "01"]
[TimeControl "180+2"]
[Date "2023.02.07"]
[WhiteClock "0:00:18"]
[BlackClock "0:00:13"]

1. e4 c5 2. Nc3 Nc6 3. Bb5 Nd4 4. Nf3 Nxb5 5. Nxb5 a6 6. Nc3 d6 7. d4 cxd4 8. Qxd4 e5 9. Qd3 h6 10. Nd5 Ne7 11. O-O Nxd5 12. Qxd5 Qc7 13. Be3 Be6 14. Qd2 Be7 15. b3 b5 16. c3 O-O 17. Rac1 Rfd8 18. Rfd1 d5 19. exd5 Rxd5 20. Qe2 Rxd1+ 21. Qxd1 Rd8 22. Qe1 Ba3 23. Rc2 Bd6 24. h3 Bf5 25. Rc1 Ba3 26. Rd1 Rxd1 27. Qxd1 Qxc3 28. Qd8+ Kh7 29. Qe8 Be6 30. Qb8 Qa1+ 31. Kh2 Qxa2 32. Qxe5 Qxb3 33. Bd4 Bf8 34. Qb8 Qb4 35. Be5 a5 36. Nd4 a4 37. Nxe6 fxe6 38. f4 a3 39. Qc8 Qe7 40. Qc2+ Kg8 41. Qb3 b4 42. f5 Kf7 43. Bg3 Qd7 44. h4 Qd5 45. fxe6+ Qxe6 46. Qf3+ Kg8 47. Qa8 a2 48. Bf2 b3 49. Bd4 Qd6+ 0-1


[Site "https://www.chess.com"]

[Event "Titled Tuesday Blitz February 07 Late 2023"]
[White "Kollars, Dmitrij"]
[Black "Mendez Fortes, Eduardo Jesus"]
[WhiteFideId "12909572"]
[BlackFideId "3502376"]
[WhiteElo "2607"]
[BlackElo "2250"]
[Result "1-0"]
[Round "01"]
[TimeControl "180+2"]
[Date "2023.02.07"]
[WhiteClock "0:00:13"]
[BlackClock "0:00:11"]

1. e4 e5 2. Nf3 Nc6 3. Bc4 Nf6 4. d3 Bc5 5. Nc3 d6 6. Na4 Bb6 7. Nxb6 axb6 8. O-O Ne7 9. c3 Ng6 10. Bb3 O-O 11. Re1 h6 12. d4 Qe7 13. Bc2 Be6 14. a3 b5 15. h3 Rfd8 16. Qe2 c6 17. Be3 Nh5 18. Qd2 Qf6 19. Kh2 Nhf4 20. Ng1 h5 21. Rad1 h4 22. g3 Re8 23. d5 cxd5 24. gxf4 d4 25. f5 dxe3 26. fxe3 Ne7 27. fxe6 Qxe6 28. Qxd6 Qc4 29. Nf3 Ng6 30. Qd5 Qc7 31. Qd7 Qc5 32. Qg4 Ra6 33. Ng5 Rf6 34. Re2 Qc4 35. Qh5 Nf8 36. Red2 Rh6 37. Qg4 Rg6 38. Bd3 Qb3 39. Qxh4 f6 40. Nf3 Qe6 41. Bxb5 Rh6 42. Qg3 Rc8 43. Bf1 Rc7 44. Rd6 Qe7 45. Rd8 g5 46. Qg4 Kg7 47. Qf5 Ne6 48. R8d6 Nc5 49. b4 Na6 50. Rd7 1-0


[Site "https://www.chess.com"]

[Event "Titled Tuesday Blitz February 07 Late 2023"]
[White "Zhang, Derek"]
[Black "Bluebaum, Matthias"]
[WhiteFideId "2087871"]
[BlackFideId "24651516"]
[WhiteElo "2186"]
[BlackElo "2669"]
[Result "0-1"]
[Round "01"]
[TimeControl "180+2"]
[Date "2023.02.07"]
[WhiteClock "0:00:12"]
[BlackClock "0:01:47"]

1. Nf3 d5 2. c4 e6 3. e3 Nf6 4. Nc3 Bd6 5. b3 O-O 6. Bb2 c5 7. cxd5 exd5 8. d4 Nc6 9. Be2 cxd4 10. Nxd4 Nxd4 11. Qxd4 Re8 12. O-O Be5 13. Qd2 d4 14. exd4 Qxd4 15. Qxd4 Bxd4 16. Bf3 Rd8 17. Rfd1 Bg4 18. Bxb7 Bxd1 19. Bxa8 Bxb3 20. axb3 Rxa8 21. Na4 Rd8 22. Kf1 Bxb2 23. Nxb2 Rd7 24. Nc4 g6 25. Ke2 Rb7 26. f3 Nd5 27. Na5 Rc7 28. Nc4 Nf4+ 29. Kf2 Nd3+ 30. Ke3 Nc5 31. Na5 Re7+ 32. Kd4 Ne6+ 33. Ke5 Kg7 34. Kd6 Re8 35. Nc6 Nf4 36. g3 Re6+ 37. Kd7 Nd3 38. b4 Re2 39. Rxa7 Rxh2 40. b5 Rb2 41. Ke8 Rxb5 42. Rxf7+ Kh6 43. f4 Rb6 44. Ne7 Nc5 45. Ng8+ Kh5 46. Rxh7+ Kg4 47. Nh6+ Kxg3 48. f5 g5 49. Ke7 Rb7+ 50. Kf6 Rxh7 51. Kg6 Rxh6+ 52. Kxh6 Kf4 53. Kg6 Nd7 0-1


[Site "https://www.chess.com"]

[Event "Titled Tuesday Blitz February 07 Late 2023"]
[White "Paravyan, David"]
[Black "Slade, Theodore"]
[WhiteFideId "4194985"]
[BlackFideId "426547"]
[WhiteElo "2601"]
[BlackElo "1995"]
[Result "1-0"]
[Round "01"]
[TimeControl "180+2"]
[Date "2023.02.07"]
[WhiteClock "0:00:28"]
[BlackClock "0:00:11"]

1. Nf3 d5 2. g3 Nf6 3. Bg2 e6 4. d4 Be7 5. c4 O-O 6. O-O dxc4 7. Qc2 a6 8. a4 Bd7 9. Qxc4 Bc6 10. Bg5 Bd5 11. Qc2 Be4 12. Qc1 Nbd7 13. Nbd2 Bd5 14. Qc2 h6 15. Bxf6 Bxf6 16. e4 Bc6 17. Rfe1 a5 18. Nb3 Nb6 19. Nc5 Be7 20. Rad1 Bd6 21. b3 Qe7 22. Nd3 Qd7 23. Nfe5 Bxe5 24. Nxe5 Qd6 25. Nxc6 bxc6 26. e5 Qb4 27. Qxc6 Qxb3 28. Rb1 Qxa4 29. Qxa4 Nxa4 30. Bxa8 Rxa8 31. Rec1 Ra7 32. d5 exd5 33. Rc6 Nb6 34. Rbc1 Nc4 35. Rc5 Nxe5 36. Rxd5 f6 37. f4 Nf7 38. Rd7 a4 39. Rcxc7 Rxc7 40. Rxc7 h5 41. Ra7 h4 42. gxh4 Nd6 43. Kg2 Nf5 44. Kh3 Kh7 45. Rxa4 Kg6 46. Ra8 Kh5 47. Rh8+ Kg6 48. h5+ Kf7 49. Ra8 Ne3 50. Ra7+ Kg8 51. h6 gxh6 52. Kh4 Ng2+ 53. Kg4 h5+ 54. Kf5 h4 55. h3 Kh8 56. Ra1 Kh7 57. Rg1 Ne3+ 58. Kxf6 1-0


[Site "https://www.chess.com"]

[Event "Titled Tuesday Blitz February 07 Late 2023"]
[White "Sivakumar, Shaaketh"]
[Black "Hakobyan, Aram"]
[WhiteFideId "30940176"]
[BlackFideId "13306677"]
[WhiteElo "2337"]
[BlackElo "2608"]
[Result "0-1"]
[Round "01"]
[TimeControl "180+2"]
[Date "2023.02.07"]
[WhiteClock "0:02:05"]
[BlackClock "0:02:25"]

1. e4 c5 2. Nf3 d6 3. d4 cxd4 4. Qxd4 a6 5. c4 Nc6 6. Qe3 g6 7. Nc3 Bh6 8. Qd3 Bg7 9. Be3 Bg4 10. Be2 Nf6 11. O-O Nd7 12. Nd4 Bxe2 13. Ncxe2 Nde5 14. Qb3 O-O 15. Rac1 Na5 16. Qa4 Naxc4 17. Rxc4 b5 18. Nxb5 axb5 19. Qxb5 Rb8 20. Qd5 e6 0-1


[Site "https://www.chess.com"]

[Event "Titled Tuesday Blitz February 07 Late 2023"]
[White "Bortnyk, Olexandr"]
[Black "Marczuk, Dominik"]
[WhiteFideId "14120828"]
[BlackFideId "1111264"]
[WhiteElo "2605"]
[BlackElo "2253"]
[Result "1-0"]
[Round "01"]
[TimeControl "180+2"]
[Date "2023.02.07"]
[WhiteClock "0:02:33"]
[BlackClock "0:01:10"]

1. d4 Nf6 2. Nc3 d5 3. Bf4 a6 4. e3 c5 5. dxc5 e6 6. b4 a5 7. Nb5 Na6 8. a3 Bd7 9. c3 Ne4 10. Bd3 g5 11. Be5 f6 12. Qh5+ Ke7 13. Bd6+ Nxd6 14. cxd6# 1-0


[Site "https://www.chess.com"]

[Event "Titled Tuesday Blitz February 07 Late 2023"]
[White "Gschnitzer, Adrian"]
[Black "Dominguez Perez, Leinier"]
[WhiteFideId "1270337"]
[BlackFideId "3503240"]
[WhiteElo "2432"]
[BlackElo "2739"]
[Result "0-1"]
[Round "01"]
[TimeControl "180+2"]
[Date "2023.02.07"]
[WhiteClock "0:00:11"]
[BlackClock "0:00:43"]

1. e4 Nf6 2. e5 Nd5 3. c4 Nb6 4. d4 d6 5. exd6 exd6 6. Nc3 Be7 7. Bd3 O-O 8. Nge2 Na6 9. O-O c6 10. a3 d5 11. c5 Nd7 12. Ng3 g6 13. Bh6 Re8 14. Qf3 Nc7 15. Nf5 Ne6 16. Rae1 Bf8 17. h4 Nxd4 18. Nxd4 Rxe1 19. Rxe1 Bxh6 20. Nxd5 cxd5 21. Qxd5 Qf8 22. c6 bxc6 23. Nxc6 Nf6 24. Qf3 Kg7 25. Re7 Bg4 26. Qg3 Re8 27. Rxa7 Qc5 28. Qc7 Re1+ 29. Kh2 Be6 30. g3 Ng4+ 31. Kh3 Rh1+ 32. Kg2 Qxf2+ 33. Kxh1 Qh2# 0-1


[Site "https://www.chess.com"]

[Event "Titled Tuesday Blitz February 07 Late 2023"]
[White "Babazada, Khazar"]
[Black "Kokoszczynski, Jan"]
[WhiteFideId "13413554"]
[BlackFideId "1174460"]
[WhiteElo "2474"]
[BlackElo "2247"]
[Result "1-0"]
[Round "01"]
[TimeControl "180+2"]
[Date "2023.02.07"]
[WhiteClock "0:01:58"]
[BlackClock "0:00:34"]

1. e4 e5 2. Nc3 Nf6 3. f4 d5 4. fxe5 Nxe4 5. Nf3 Bg4 6. d3 Nxc3 7. bxc3 Nc6 8. d4 Be7 9. Bd3 Qd7 10. O-O h6 11. Rb1 b6 12. Qe1 Be6 13. Nh4 Na5 14. Nf5 Bf8 15. Qg3 g6 16. Ne3 O-O-O 17. Bd2 h5 18. Qf2 Bh6 19. Rb5 Nc4 20. Bxc4 dxc4 21. a4 Bxe3 22. Bxe3 Bd5 23. Rfb1 a6 24. R5b4 Kb7 25. a5 b5 26. Bg5 Rde8 27. Bf6 Rhg8 28. h4 Qc6 29. Kh2 Re6 30. Bg5 Ree8 31. Rf1 Re6 32. Qd2 Ree8 33. Rbb1 Rh8 34. Rf6 Qd7 35. Qf4 Rh7 36. Rf1 Bc6 37. Rxf7 Rxf7 38. Qxf7 Qg4 39. d5 1-0


[Site "https://www.chess.com"]

[Event "Titled Tuesday Blitz February 07 Late 2023"]
[White "Kochetov, Andrey"]
[Black "Zierk, Steven"]
[WhiteFideId "24130532"]
[BlackFideId "2034255"]
[WhiteElo "2165"]
[BlackElo "2488"]
[Result "1/2-1/2"]
[Round "01"]
[TimeControl "180+2"]
[Date "2023.02.07"]
[WhiteClock "0:00:04"]
[BlackClock "0:00:40"]

1. e4 e6 2. d4 d5 3. Nd2 c5 4. Ngf3 cxd4 5. Nxd4 Nc6 6. Bb5 Bd7 7. Nxc6 bxc6 8. Bd3 Qc7 9. O-O Ne7 10. Qe2 Ng6 11. g3 Be7 12. c4 dxe4 13. Bxe4 f5 14. Bg2 O-O 15. Nf3 e5 16. h4 e4 17. Ng5 h6 18. h5 Ne5 19. Nh3 Nd3 20. Nf4 Nxc1 21. Raxc1 Bf6 22. Rcd1 Rad8 23. Rd2 Bg5 24. Rfd1 Bc8 25. Rxd8 Rxd8 26. Ng6 c5 27. Rd5 Rxd5 28. cxd5 Bf6 29. Qb5 Bd7 30. Qc4 Qd6 31. b3 Be8 32. Bh3 Bd4 33. Nf4 Bd7 34. Kg2 Kh7 35. Ne6 Bxe6 36. dxe6 Qe5 37. e7 e3 38. Bxf5+ Qxf5 39. e8=Q Qxf2+ 40. Kh3 Qf5+ 41. Kh2 Qf2+ 42. Kh1 Qf3+ 43. Kh2 Qf2+ 44. Kh3 Qf5+ 45. Kh2 Qf2+ 1/2-1/2


[Site "https://www.chess.com"]

[Event "Titled Tuesday Blitz February 07 Late 2023"]
[White "Svane, Rasmus"]
[Black "Schekachikhin, Maksim"]
[WhiteFideId "4657101"]
[BlackFideId "24177830"]
[WhiteElo "2623"]
[BlackElo "2371"]
[Result "1-0"]
[Round "01"]
[TimeControl "180+2"]
[Date "2023.02.07"]
[WhiteClock "0:01:29"]
[BlackClock "0:00:20"]

1. Nf3 c5 2. c4 Nf6 3. Nc3 e6 4. e3 Nc6 5. d4 d5 6. a3 dxc4 7. Bxc4 a6 8. O-O b5 9. Ba2 Bb7 10. Qe2 cxd4 11. Rd1 Be7 12. exd4 O-O 13. Bg5 Nd5 14. Bxd5 Bxg5 15. Be4 Na5 16. Bxb7 Nxb7 17. d5 e5 18. Ne4 Bf6 19. Nxf6+ Qxf6 20. Qxe5 Qxe5 21. Nxe5 Nd6 22. Rac1 Rfe8 23. Nd3 Nc4 24. a4 Rad8 25. axb5 axb5 26. b3 Na5 27. Nc5 Rb8 28. Kf1 Nb7 29. Na6 Rbd8 30. Nc7 Re5 31. Nxb5 Rexd5 32. Rxd5 Rxd5 33. Rc8+ Nd8 34. Na7 Kf8 35. Nc6 Ke8 1-0


[Site "https://www.chess.com"]

[Event "Titled Tuesday Blitz February 07 Late 2023"]
[White "Karwowski, Kacper"]
[Black "Sjugirov, Sanan"]
[WhiteFideId "1126032"]
[BlackFideId "4189302"]
[WhiteElo "2164"]
[BlackElo "2712"]
[Result "0-1"]
[Round "01"]
[TimeControl "180+2"]
[Date "2023.02.07"]
[WhiteClock "0:00:44"]
[BlackClock "0:00:51"]

1. e4 c5 2. Nf3 d6 3. d4 cxd4 4. Nxd4 Nf6 5. Nc3 a6 6. Be3 e5 7. Nb3 Be6 8. f3 Be7 9. Qd2 h5 10. O-O-O Nbd7 11. h3 b5 12. Kb1 Qc7 13. Be2 h4 14. f4 Nb6 15. Na5 b4 16. Nd5 Nbxd5 17. exd5 Nxd5 18. Nb3 Nxe3 19. Qxe3 O-O 20. Qe4 f5 21. Qxb4 a5 22. Qa4 Rfb8 23. Rc1 Rb4 24. Qa3 Rxf4 25. Bf3 Rxf3 26. gxf3 d5 27. Qa4 Bd7 0-1


[Site "https://www.chess.com"]

[Event "Titled Tuesday Blitz February 07 Late 2023"]
[White "Esipenko, Andrey"]
[Black "Koutlas, Nikolaos"]
[WhiteFideId "24175439"]
[BlackFideId "25827138"]
[WhiteElo "2679"]
[BlackElo "2341"]
[Result "1-0"]
[Round "01"]
[TimeControl "180+2"]
[Date "2023.02.07"]
[WhiteClock "0:01:10"]
[BlackClock "0:00:15"]

1. c4 Nf6 2. Nc3 e5 3. Nf3 Nc6 4. e4 Bb4 5. d3 O-O 6. a3 Bc5 7. b4 Bd4 8. Nxd4 Nxd4 9. Ne2 Nc6 10. g3 a5 11. b5 Nb8 12. Bg2 d6 13. O-O Nbd7 14. f4 Nc5 15. Be3 b6 16. h3 a4 17. Rb1 Nfd7 18. f5 f6 19. h4 Nb3 20. g4 Rf7 21. Ng3 Bb7 22. g5 Nd4 23. Rf2 Re7 24. Qg4 Kh8 25. Kh2 Nc5 26. Rd1 Qf8 27. Nh5 Bc8 28. Bxd4 exd4 29. e5 Rxe5 30. Bxa8 g6 31. Nxf6 Bxf5 32. Qxd4 Qxa8 33. Ng4 Bxg4 34. Qxg4 Qe8 35. Rdf1 Ne6 36. d4 Re3 37. d5 1-0


[Site "https://www.chess.com"]

[Event "Titled Tuesday Blitz February 07 Late 2023"]
[White "Girsh, Daniel"]
[Black "Kamsky, Gata"]
[WhiteFideId "30949190"]
[BlackFideId "2000024"]
[WhiteElo "2123"]
[BlackElo "2665"]
[Result "0-1"]
[Round "01"]
[TimeControl "180+2"]
[Date "2023.02.07"]
[WhiteClock "0:00:20"]
[BlackClock "0:00:27"]

1. e4 g6 2. d4 d6 3. Nc3 Bg7 4. Nf3 a6 5. Bd3 e6 6. O-O b5 7. Re1 Bb7 8. Ne2 Nd7 9. Ng3 Ngf6 10. a4 b4 11. e5 dxe5 12. Nxe5 Nxe5 13. dxe5 Qd5 14. f3 Ng4 15. Qe2 Qd4+ 16. Be3 Nxe3 17. Qxe3 Bxe5 18. c3 bxc3 19. bxc3 Qxe3+ 20. Rxe3 Bf4 21. Re2 Ke7 22. Ne4 a5 23. Rb1 Bd5 24. c4 Bc6 25. Nc3 Rab8 26. Nb5 Rhd8 27. Bc2 h5 28. Kf2 h4 29. g3 Bd6 30. Kg2 hxg3 31. hxg3 Be8 32. Rd1 c6 33. Nd4 Bc5 34. Red2 Bxd4 35. Rxd4 Rxd4 36. Rxd4 c5 37. Rd2 Rb2 38. Kf1 Bxa4 39. Ke1 Bxc2 40. Ke2 a4 41. Ke3 a3 0-1


[Site "https://www.chess.com"]